 Dungeon Crawl Stone Soup version 0.19.1-1-g22dce08 (webtiles) character file.

102 JeffiDaFish the Covered (level 4, 0/29 HPs)
             Began as a Gargoyle Fighter on Jan 4, 2017.
             Was an Initiate of Makhleb.
             Slain by Robin
             ... wielding a +0 spear
              (2 damage)
             ... on level 2 of the Dungeon.
             The game lasted 00:05:20 (1901 turns).

JeffiDaFish the Covered (Gargoyle Fighter)          Turns: 1901, Time: 00:05:20

Health: 0/29       AC: 10    Str: 25    XL:     4   Next: 78%
Magic:  4/4        EV:  7    Int:  8    God:    Makhleb [......]
Gold:   91         SH: 11    Dex: 10    Spells: 0 memorised, 3 levels left

rFire  . . .     SeeInvis .     a - +0 flail
rCold  . . .     Gourm    .     b - +0 scale mail
rNeg   + . .     Faith    .     c - +1 shield
rPois  ∞         Spirit   .     (no helmet)
rElec  +         Reflect  .     (no cloak)
rCorr  .         Harm     .     (no gloves)
MR     .....                    (no boots)
Stlth  ..........               (no amulet)
                                (no ring)
                                (no ring)

@: mighty
A: negative energy resistance 1, electricity resistance, unbreathing,
petrification resistance, rot immunity, AC +3
a: Renounce Religion


You were on level 2 of the Dungeon.
You worshipped Makhleb.
Makhleb was noncommittal.
You were hungry.

You visited 1 branch of the dungeon, and saw 2 of its levels.

You collected 91 gold pieces.

Inventory:

Hand Weapons
 a - a +0 flail (weapon)
 e - a +2 whip of distortion
Armour
 b - a +0 scale mail (worn)
 c - a +1 shield (worn)
Potions
 h - a potion of brilliance
Comestibles
 f - 3 bread rations


   Skills:
 + Level 3.7 Fighting
 + Level 3.2 Maces & Flails
 + Level 4.2 Armour
 + Level 0.2 Dodging
 + Level 0.2 Stealth
 + Level 3.8 Shields


You had 3 spell levels left.
You didn't know any spells.

Dungeon Overview and Level Annotations

Branches:
Dungeon (2/15)

Altars:
Cheibriados
Elyvilon
Makhleb
Ru
Trog
Vehumet
The Shining One

Annotations:
D:2 Robin


Innate Abilities, Weirdness & Mutations

You are resistant to torment.
Your stone body is resilient. (AC +3)
You are immune to poison.
You resist negative energy. (rN+)
You are resistant to electric shocks. (rElec)
You can survive without breathing.
You are immune to petrification.
You are immune to rotting.


Message History

* * * LOW HITPOINT WARNING * * *
You sock the goblin!
You kill the goblin!
Makhleb accepts your kill.
Robin says, "Duck!"
Robin hits you but does no damage. You block the goblin's attack.
The goblin hits you.
* * * LOW HITPOINT WARNING * * *
You sock the goblin!
You kill the goblin!
Makhleb accepts your kill.
The goblin no longer looks unusually strong.
You block Robin's attack.
The goblin hits you but does no damage. x2
Robin roars a battlecry!
The goblin goes into a battle-frenzy!
Robin says, "A pitiful Gargoyle like you will never find the ORB!"
Robin closely misses you.
Items here: ! ))))) ? ††† Robin hits you with a spear.
You die...

.......'#.#
#.....##..# #######
. ###'###.._#
#.....# #.#
##...###### ......#
.. .##.## #.#
#.##..#.##.# ..#.#
#.# #.##.).....#
....# #.# ##.##g#
[.######.###...#g#
..# #>......#.#g@#
..###.##.#....##.#
.......#.#..###.)#
.........#...#.#..
.......###..#.####.
..###.## #..### .g
..# #... ...# ##
..# ######... ..#
####


You could see Robin and 2 goblins.

Vanquished Creatures
  Jessica (D:2)
  A gnoll (D:1)
  2 adders (D:2)
  2 dart slugs (D:1)
  A giant cockroach (D:1)
  17 goblins
  2 hobgoblins (D:1)
  2 ball pythons
  5 bats
  4 frilled lizards
  3 kobolds (D:1)
  5 rats
45 creatures vanquished.

Notes
Turn   | Place    | Note
-------+----------+-------------------------------------------
     0 | D:1      | JeffiDaFish the Gargoyle Fighter began the quest for the Orb.
     0 | D:1      | Reached XP level 1. HP: 14/14 MP: 1/1
   406 | D:1      | Reached XP level 2. HP: 19/19 MP: 2/2
   905 | D:1      | Reached XP level 3. HP: 23/23 MP: 3/3
  1622 | D:2      | Found a white marble altar of Elyvilon.
  1623 | D:2      | Noticed Jessica
  1626 | D:2      | Killed Jessica
  1626 | D:2      | Reached skill level 4 in Armour
  1626 | D:2      | Reached XP level 4. HP: 20/28 MP: 4/4
  1635 | D:2      | Found a bloodstained altar of Trog.
  1640 | D:2      | Found a radiant altar of Vehumet.
  1651 | D:2      | Found a snail-covered altar of Cheibriados.
  1658 | D:2      | Found a sacrificial altar of Ru.
  1663 | D:2      | Found a glowing golden altar of the Shining One.
  1670 | D:2      | Found a burning altar of Makhleb.
  1676 | D:2      | Became a worshipper of Makhleb the Destroyer
  1866 | D:2      | Noticed Robin
  1901 | D:2      | Slain by Robin

Skill      XL: |  1  2  3  4 |
---------------+-------------+-----
Armour         | 4 |  4.2
Maces & Flails | 3 |  3.2
Fighting       | |  3.7
Dodging        | |  0.2
Stealth        | |  0.2
Shields        | |  3.8

Action                   |  1- 3 |  4- 6 || total
-------------------------+-------+-------++-------
Melee: Flail             |   115 |    47 ||   162
  Use: Scroll            |     3 |       ||     3
       Potion            |     2 |     1 ||     3
  Eat: Chunk             |     3 |       ||     3
Armor: Scale mail        |    53 |    55 ||   108
Dodge: Dodged            |    21 |    30 ||    51
Block: Shield            |    63 |    47 ||   110
